[Event "Titled Tuesday Blitz June 28 Early 2022"]
[White "Aradhya, Garg"]
[Black "Sarkar, Justin"]
[WhiteFideId "25006746"]
[BlackFideId "2010011"]
[WhiteElo "2203"]
[BlackElo "2020"]
[Result "1-0"]
[Round "05"]
[TimeControl "180+1"]
[Date "2022.06.28"]
[WhiteClock "0:00:52"]
[BlackClock "0:00:01"]

1. d4 Nf6 2. c4 e6 3. Bg5 h6 4. Bh4 c5 5. d5 exd5 6. cxd5 d6 7. Nc3 a6 8. a4 g5 9. Bg3 Nh5 10. a5 Bg7 11. e3 Nxg3 12. hxg3 Nd7 13. Bd3 Ne5 14. Nge2 Nxd3+ 15. Qxd3 f5 16. g4 fxg4 17. Qg6+ Kf8 18. f4 Qf6 19. Qc2 Bd7 20. O-O Kg8 21. Ng3 gxf4 22. Rxf4 Qe5 23. Qf2 h5 24. Nf5 Rf8 25. e4 Bxf5 26. exf5 Bf6 27. Re1 Qd4 28. Rxd4 Bxd4 29. Re3 1-0


[Site "https://www.chess.com"]

[Event "Titled Tuesday Blitz June 28 Early 2022"]
[White "Ardila, Oscar Humberto"]
[Black "Vovk, Orest"]
[WhiteFideId "4404742"]
[BlackFideId "14113490"]
[WhiteElo "1956"]
[BlackElo "2203"]
[Result "1-0"]
[Round "05"]
[TimeControl "180+1"]
[Date "2022.06.28"]
[WhiteClock "0:00:19"]
[BlackClock "0:00:25"]

1. d4 h6 2. c4 g6 3. Nc3 Bg7 4. Nf3 c5 5. e3 Nc6 6. Be2 cxd4 7. exd4 Qa5 8. O-O Nf6 9. h3 d6 10. Be3 O-O 11. Rc1 Qh5 12. Ne5 Qxe2 13. Qxe2 dxe5 14. d5 Nd4 15. Bxd4 exd4 16. Nb5 e5 17. dxe6 Bxe6 18. Nxd4 Bd7 19. Rfd1 Rfe8 20. Qf3 Rab8 21. b4 Ba4 22. Re1 Red8 23. Nb3 Bc6 24. Qf4 Nh5 25. Qe3 b6 26. b5 Bb7 27. Rcd1 Rdc8 28. Rd7 Nf6 29. Re7 Bf8 30. Re5 Rxc4 31. Qd3 Rbc8 32. Nd4 Rc3 33. Qd2 Bb4 34. Qxh6 Rd3 35. Ne6 Ne8 36. Nf4 Ng7 37. Nxd3 Bxe1 38. Rxe1 Nf5 39. Qg5 Bd5 40. Nf4 Bxa2 41. Nxg6 fxg6 42. Qxg6+ Ng7 43. Re7 Rc2 44. Qxg7# 1-0


[Site "https://www.chess.com"]

[Event "Titled Tuesday Blitz June 28 Early 2022"]
[White "Artemenko, Oleg"]
[Black "Libiszewski, Fabien"]
[WhiteFideId "14201798"]
[BlackFideId "616834"]
[WhiteElo "2287"]
[BlackElo "2440"]
[Result "0-1"]
[Round "05"]
[TimeControl "180+1"]
[Date "2022.06.28"]
[WhiteClock "0:02:38"]
[BlackClock "0:01:58"]

1. e4 e6 2. d4 d5 3. e5 c5 4. c3 Ne7 5. Nf3 Nec6 6. Be2 b6 7. O-O Ba6 8. Be3 Bxe2 9. Qxe2 Be7 10. Nbd2 O-O 11. Ne1 cxd4 12. cxd4 f6 13. f4 f5 14. Nd3 Qd7 15. a3 a5 16. Rf3 a4 17. Raf1 Na5 18. Rh3 g6 19. Bf2 Nbc6 0-1


[Site "https://www.chess.com"]

[Event "Titled Tuesday Blitz June 28 Early 2022"]
[White "Atabayev, Saparmyrat"]
[Black "Krallis, Christos"]
[WhiteFideId "14000571"]
[BlackFideId "4298896"]
[WhiteElo "2483"]
[BlackElo "2234"]
[Result "1-0"]
[Round "05"]
[TimeControl "180+1"]
[Date "2022.06.28"]
[WhiteClock "0:01:27"]
[BlackClock "0:00:09"]

1. e4 e5 2. Nf3 Nc6 3. Bb5 a6 4. Bxc6 dxc6 5. Nc3 f6 6. d4 exd4 7. Nxd4 Bd6 8. Be3 Ne7 9. Qd2 O-O 10. O-O-O Ng6 11. Nb3 Ne5 12. Bc5 Be6 13. Bxd6 Nc4 14. Bxc7 Qxc7 15. Qe2 Qf4+ 16. Kb1 Rfd8 17. Nc5 Bf7 18. Nxb7 Rdb8 19. Rd7 Nb6 20. Re7 Kf8 21. g3 Qh6 22. Rc7 Ra7 23. Rxf7+ Kxf7 24. Nd6+ Kf8 25. Rd1 Qg6 26. e5 fxe5 27. Qxe5 Re7 28. Qf4+ Qf6 29. Nf5 Ree8 30. Rd6 Qxc3 31. Ne3+ Kg8 32. bxc3 Nd5+ 33. Kc1 Nb6 34. Rxc6 1-0


[Site "https://www.chess.com"]

[Event "Titled Tuesday Blitz June 28 Early 2022"]
[White "Bachmann, Axel"]
[Black "Reprintsev, Alexander"]
[WhiteFideId "3700488"]
[BlackFideId "14100541"]
[WhiteElo "2587"]
[BlackElo "2108"]
[Result "0-1"]
[Round "05"]
[TimeControl "180+1"]
[Date "2022.06.28"]
[WhiteClock "0:00:18"]
[BlackClock "0:01:08"]

1. d4 d5 2. c4 e5 3. dxe5 d4 4. Nf3 Nc6 5. a3 g6 6. b4 Bg7 7. Bb2 Nh6 8. Nbd2 O-O 9. Nb3 Nf5 10. Rc1 Nxe5 11. Nfxd4 Qh4 12. Nxf5 Bxf5 13. Nd4 Rad8 14. e3 c5 15. bxc5 Be4 16. Qb3 Rfe8 17. Rd1 Ng4 18. Rd2 Nxe3 19. g3 Qh6 20. fxe3 Bxh1 21. Re2 Re7 22. h4 Rde8 23. Kf2 Be4 24. Bh3 Qh5 25. Qb5 Bxd4 26. Bxd4 Qf3+ 27. Ke1 Qh1+ 28. Bf1 Bd3 29. Rf2 Bxf1 30. Rxf1 Qg2 0-1


[Site "https://www.chess.com"]

[Event "Titled Tuesday Blitz June 28 Early 2022"]
[White "Beerdsen, Thomas"]
[Black "Malyi, Viacheslav"]
[WhiteFideId "1030108"]
[BlackFideId "14123983"]
[WhiteElo "2585"]
[BlackElo "2270"]
[Result "1/2-1/2"]
[Round "05"]
[TimeControl "180+1"]
[Date "2022.06.28"]
[WhiteClock "0:02:18"]
[BlackClock "0:01:17"]

1. e4 e5 2. Nf3 Nc6 3. d4 exd4 4. Bc4 Nf6 5. O-O Nxe4 6. Nc3 Nxc3 7. bxc3 d5 8. Bb5 Be7 9. cxd4 O-O 10. Bxc6 bxc6 11. Ne5 Bd7 12. Re1 Bd6 13. Qf3 f6 14. Nd3 Re8 15. Bd2 Rxe1+ 16. Rxe1 Qf8 17. Bf4 Re8 18. Rb1 Rb8 19. Re1 Qf7 20. Qg3 Qf8 21. Nc5 Bf5 22. c3 Bxc5 23. dxc5 Re8 24. Rxe8 Qxe8 25. h3 Qg6 26. Bxc7 Qxg3 27. Bxg3 Bb1 28. a4 a5 29. Bc7 Bc2 30. Bxa5 Bxa4 31. f3 Kf7 32. Kf2 g5 33. Bd8 Kg6 34. g4 Bb5 35. Kg3 f5 36. f4 gxf4+ 37. Kxf4 fxg4 38. hxg4 Bd3 39. Bh4 Bb5 40. Bd8 Bd3 41. Ke5 Be2 42. Kd6 Bb5 43. Bh4 h5 44. gxh5+ Kxh5 45. Bd8 Kg4 46. Bf6 Kf5 47. Bd4 Ke4 48. Bh8 Kd3 49. Bd4 Kc4 50. Kc7 Kd3 51. Kb6 Kc4 52. Kc7 Kd3 53. Kd6 Kc4 54. Ke5 Kd3 55. Kf4 Kc4 56. Ke3 Kb3 57. Be5 Kc4 58. Bd4 Kb3 59. Kd2 Kc4 60. Kc1 Kb3 61. Kb1 Kc4 62. Kc2 Ba4+ 63. Kb2 Bb5 64. Kc2 Ba4+ 65. Kb1 Bb5 66. Ka2 Kd3 67. Kb2 Kc4 68. Ka3 Ba6 69. Ka4 Bb5+ 70. Ka5 Kb3 71. Kb6 Kc4 72. Bh8 Kb3 73. Ka5 Kc4 74. Bg7 Kb3 75. Kb6 Kc4 76. Kb7 Kxc5 77. Kc7 Kc4 78. Kb6 Kd3 79. Kc5 Ke4 80. Bh8 Kf5 81. Bd4 Ke6 82. Bh8 Kd7 83. Bd4 Ke7 84. Bh8 Kf7 85. Bd4 Kg8 86. Be5 Kh7 87. Bd4 Kg6 88. Be5 Kf5 89. Bd4 Ke4 90. Bh8 Kd3 91. Bd4 Kc2 92. Bh8 Kb3 93. Bd4 Ka4 94. Bh8 Kb3 95. Bd4 Kc2 96. Bh8 Kb3 1/2-1/2


[Site "https://www.chess.com"]

[Event "Titled Tuesday Blitz June 28 Early 2022"]
[White "Bellahcene, Bilel"]
[Black "Harsh Suresh"]
[WhiteFideId "696358"]
[BlackFideId "45018464"]
[WhiteElo "2543"]
[BlackElo "2059"]
[Result "1-0"]
[Round "05"]
[TimeControl "180+1"]
[Date "2022.06.28"]
[WhiteClock "0:00:04"]
[BlackClock "0:00:03"]

1. d4 Nf6 2. Nf3 c5 3. d5 e6 4. c4 exd5 5. cxd5 d6 6. Nc3 g6 7. h3 Bg7 8. Bf4 O-O 9. e3 Re8 10. Be2 Na6 11. Nd2 Nc7 12. Nc4 Bf8 13. a4 b6 14. O-O Ba6 15. b3 Bxc4 16. bxc4 Bg7 17. Qb3 Nh5 18. Bxh5 gxh5 19. Rac1 Qf6 20. Qd1 Qg6 21. Qf3 Kh8 22. h4 Rad8 23. Ne2 Qg4 24. Ng3 Qxh4 25. Nf5 Qf6 26. Qxh5 Bf8 27. g4 Qg6 28. Bg5 Rd7 29. Qh4 Kg8 30. Bf6 Re4 31. f3 Ne8 32. Bb2 Ree7 33. Kf2 f6 34. Nxe7+ Rxe7 35. e4 Bh6 36. Rce1 Bg5 37. Qh5 Qxh5 38. gxh5 Ng7 39. Rh1 Bf4 40. Reg1 Kf7 41. Bc3 h6 42. Ke2 Nf5 43. Bd2 Nd4+ 44. Kd3 Bxd2 45. Kxd2 Nxf3+ 46. Kd3 Nxg1 47. Rxg1 Re5 48. Rh1 Rg5 49. Ke3 Rg3+ 50. Kf4 Rc3 51. a5 Rxc4 52. axb6 axb6 53. Ra1 Ke7 54. Ra7+ Kd8 55. Kf5 b5 56. Ke6 b4 57. Kxd6 Kc8 58. Kc6 Kb8 59. Rb7+ Ka8 60. d6 Rxe4 61. Re7 Rd4 62. d7 b3 63. Re8+ Ka7 64. d8=Q Rxd8 65. Rxd8 b2 66. Rd7+ Ka6 67. Rb7 c4 68. Rxb2 c3 69. Ra2# 1-0


[Site "https://www.chess.com"]

[Event "Titled Tuesday Blitz June 28 Early 2022"]
[White "Bintang, Rasyid A. Hidayat"]
[Black "Delorme, Alban"]
[WhiteFideId "7105355"]
[BlackFideId "623636"]
[WhiteElo "2372"]
[BlackElo "2197"]
[Result "1-0"]
[Round "05"]
[TimeControl "180+1"]
[Date "2022.06.28"]
[WhiteClock "0:00:14"]
[BlackClock "0:00:29"]

1. e4 c5 2. Nc3 Nc6 3. f4 g6 4. Nf3 Bg7 5. Bb5 Nd4 6. O-O a6 7. Bd3 d6 8. Ne2 Nxf3+ 9. Rxf3 Nf6 10. h3 O-O 11. c3 c4 12. Bc2 b5 13. d4 cxd3 14. Bxd3 Bb7 15. Qc2 Rc8 16. f5 Nd7 17. fxg6 hxg6 18. Bf4 Ne5 19. Bxe5 Bxe5 20. Raf1 Kg7 21. Nf4 Bxf4 22. Rxf4 d5 23. e5 d4 24. Bxg6 fxg6 25. Rxf8 Qxf8 26. Rxf8 Rxf8 27. cxd4 Bd5 28. Qc5 e6 29. b3 Rf4 30. Qa7+ Kh6 31. Qxa6 Re4 32. Qxb5 Rxd4 33. a4 Rd2 34. a5 Rxg2+ 35. Kf1 Ra2 36. a6 Kh5 37. Qb6 Kh4 38. b4 Kxh3 39. b5 g5 40. Qe3+ Kh4 41. a7 g4 42. b6 g3 43. Qh6+ Kg4 44. Qg7+ Kf4 45. b7 Bf3 46. Qf6+ Ke3 47. Qg5+ Kd3 48. Qxg3 Ke3 49. Qe1+ Kf4 50. b8=Q Rg2 51. Qf8+ Kg4 52. Qg7+ Kh3 53. Qxg2+ Bxg2+ 54. Kg1 Ba8 55. Qe3+ Kg4 56. Qb6 Kf5 57. Qb8 Bh1 58. a8=Q Bxa8 59. Qxa8 Kxe5 60. Kf2 Kd4 61. Qe8 e5 62. Ke2 Kd5 63. Ke3 e4 64. Qxe4+ 1-0


[Site "https://www.chess.com"]

[Event "Titled Tuesday Blitz June 28 Early 2022"]
[White "Blokhin, Sofia"]
[Black "Jeet, Jain"]
[WhiteFideId "4508190"]
[BlackFideId "5073022"]
[WhiteElo "1760"]
[BlackElo "2055"]
[Result "0-1"]
[Round "05"]
[TimeControl "180+1"]
[Date "2022.06.28"]
[WhiteClock "0:00:01"]
[BlackClock "0:00:43"]

1. d4 d5 2. c4 c6 3. Nc3 e6 4. e3 Nf6 5. Nf3 Nbd7 6. cxd5 exd5 7. Bd3 Bd6 8. O-O O-O 9. Re1 Re8 10. b3 Nf8 11. Bb2 Ne4 12. Bxe4 dxe4 13. Ne5 Bf5 14. Qh5 g6 15. Qh6 f6 16. Nc4 Bc7 17. d5 cxd5 18. Rad1 Be6 19. Nxe4 Nd7 20. Ng5 Qe7 21. Nxe6 Qxe6 22. Nd2 Ne5 23. Nf1 Ng4 24. Qh4 Kg7 25. h3 Ne5 26. f4 Nd7 27. e4 Bb6+ 28. Kh1 d4 29. Bxd4 Bxd4 30. Rxd4 Nc5 31. Red1 Nxe4 32. Rd7+ Re7 33. Rxe7+ Qxe7 34. Re1 Re8 35. Nd2 Ng3+ 36. Qxg3 Qxe1+ 37. Qxe1 Rxe1+ 38. Kh2 Re2 39. Nc4 Rxa2 40. Nd6 b6 41. Ne8+ Kf7 42. Nd6+ Kf8 43. Nc8 Ra3 44. b4 Rb3 45. Nxa7 Rxb4 46. Nc6 Rxf4 0-1


[Site "https://www.chess.com"]

[Event "Titled Tuesday Blitz June 28 Early 2022"]
[White "Bommini, Mounika Akshaya"]
[Black "Shtyka, Sergey"]
[WhiteFideId "25019872"]
[BlackFideId "4138465"]
[WhiteElo "1680"]
[BlackElo "2014"]
[Result "1-0"]
[Round "05"]
[TimeControl "180+1"]
[Date "2022.06.28"]
[WhiteClock "0:02:05"]
[BlackClock "0:00:03"]

1. d4 c5 2. c3 cxd4 3. cxd4 Nf6 4. Nc3 d5 5. Bf4 g6 6. e3 Bg7 7. h4 O-O 8. h5 Nxh5 9. Rxh5 gxh5 10. Qxh5 e6 11. Nf3 f5 12. Be2 Nc6 13. Kd1 1-0


[Site "https://www.chess.com"]

[Event "Titled Tuesday Blitz June 28 Early 2022"]
[White "Bringas Gomez, Artai"]
[Black "Gueci, Tea"]
[WhiteFideId "24534064"]
[BlackFideId "872342"]
[WhiteElo "1988"]
[BlackElo "2142"]
[Result "0-1"]
[Round "05"]
[TimeControl "180+1"]
[Date "2022.06.28"]
[WhiteClock "0:00:15"]
[BlackClock "0:00:23"]

1. e4 e6 2. d3 d5 3. Nf3 c5 4. Nbd2 Nc6 5. Be2 Nge7 6. O-O Ng6 7. Re1 Bd6 8. c3 O-O 9. a3 Bc7 10. b4 cxb4 11. axb4 Qd6 12. Bf1 Nce5 13. Nxe5 Qxe5 14. Nf3 Qxc3 15. Bd2 Qf6 16. Bg5 Qb2 17. Re2 Qxb4 18. Rb1 Qd6 19. e5 Qd7 20. d4 a6 21. Rc1 f6 22. exf6 gxf6 23. Bh6 Re8 24. Rec2 Bd6 25. h4 b5 26. h5 Ne7 27. Bd3 Nf5 28. Bxf5 exf5 29. Qd2 b4 30. Bf4 b3 31. Rc7 Bxc7 32. Rxc7 Qe6 33. Be5 Re7 34. Ng5 fxg5 35. Qxg5+ Kf8 36. Rxe7 Qxe7 37. Qh6+ Ke8 38. Qc6+ Qd7 39. Qxa8 Qb7 40. Qb8 Qxb8 41. Bxb8 b2 0-1


[Site "https://www.chess.com"]

[Event "Titled Tuesday Blitz June 28 Early 2022"]
[White "Bychkov, Vladimir"]
[Black "Sadykov, Ramil"]
[WhiteFideId "24151513"]
[BlackFideId "24113590"]
[WhiteElo "2197"]
[BlackElo "2226"]
[Result "1-0"]
[Round "05"]
[TimeControl "180+1"]
[Date "2022.06.28"]
[WhiteClock "0:00:29"]
[BlackClock "0:00:09"]

1. c4 Nf6 2. Nc3 d5 3. cxd5 Nxd5 4. e4 Nb6 5. d4 g6 6. a4 a5 7. Be3 Bg7 8. h4 Nc6 9. d5 Ne5 10. h5 O-O 11. hxg6 fxg6 12. Qc1 Ng4 13. f3 Nxe3 14. Qxe3 e6 15. dxe6 Bxe6 16. Rd1 Qe7 17. Nh3 Nc4 18. Bxc4 Bxc4 19. Nf4 c6 20. Kf2 Bf6 21. Nfe2 Bg5 22. Qb6 Bf6 23. Rd2 Ra6 24. Qe3 Bg5 25. f4 Bf6 26. g3 Raa8 27. Kg2 Rae8 28. Rhd1 Be6 29. e5 Bg7 30. Ne4 Bd5 31. Nc3 Bb3 32. Rd7 Qe6 33. R1d6 Qc4 34. Rxb7 Bc2 35. Rdd7 Bxe5 36. fxe5 Rxe5 37. Rg7+ Kh8 38. Rxh7+ 1-0


[Site "https://www.chess.com"]

[Event "Titled Tuesday Blitz June 28 Early 2022"]
[White "Carrasco Miranda, Andres"]
[Black "Elgersma, Onno"]
[WhiteFideId "3405990"]
[BlackFideId "1053531"]
[WhiteElo "2177"]
[BlackElo "2304"]
[Result "0-1"]
[Round "05"]
[TimeControl "180+1"]
[Date "2022.06.28"]
[WhiteClock "0:00:57"]
[BlackClock "0:00:56"]

1. d4 Nf6 2. c4 e6 3. g3 d5 4. Bg2 Be7 5. Nf3 O-O 6. O-O dxc4 7. Qc2 a6 8. a4 Nbd7 9. Qxc4 b5 10. Qc2 Bb7 11. Bf4 c5 12. dxc5 Nxc5 13. Rd1 Qc8 14. axb5 axb5 15. Rxa8 Bxa8 16. Nbd2 Nd5 17. Ng5 g6 18. Rc1 Qb7 19. Nge4 Nb4 20. Nxc5 Qxg2# 0-1


[Site "https://www.chess.com"]

[Event "Titled Tuesday Blitz June 28 Early 2022"]
[White "Ciuffoletti, Paolo"]
[Black "Mikhalsky, Vladimir"]
[WhiteFideId "807630"]
[BlackFideId "14144352"]
[WhiteElo "2143"]
[BlackElo "2301"]
[Result "1/2-1/2"]
[Round "05"]
[TimeControl "180+1"]
[Date "2022.06.28"]
[WhiteClock "0:00:15"]
[BlackClock "0:00:50"]

1. e4 c5 2. d4 cxd4 3. c3 d3 4. Bxd3 g6 5. c4 Bg7 6. Nc3 d6 7. Nf3 Bg4 8. h3 Bxf3 9. Qxf3 Nc6 10. Qd1 Nf6 11. O-O O-O 12. Be3 a6 13. Rc1 Nd7 14. b3 Nd4 15. Re1 Nc5 16. Bf1 e5 17. Bxd4 exd4 18. Nd5 a5 19. g3 Re8 20. Bg2 d3 21. Nf4 Bh6 22. Rc3 Bxf4 23. gxf4 Qf6 24. Qd2 Qd4 25. a3 Rxe4 26. Rxe4 Nxe4 27. Bxe4 Qxe4 28. Rxd3 a4 29. b4 Qxc4 30. Rxd6 Kg7 31. f5 gxf5 32. Qg5+ Kf8 33. Rd8+ Rxd8 34. Qxd8+ Kg7 35. Qg5+ Kf8 36. Qd8+ Kg7 37. Qg5+ Kh8 38. Qf6+ Kg8 39. Qg5+ Kf8 40. Qd8+ 1/2-1/2


[Site "https://www.chess.com"]

[Event "Titled Tuesday Blitz June 28 Early 2022"]
[White "Csonka, Balazs"]
[Black "Popilski, Gil"]
[WhiteFideId "742910"]
[BlackFideId "2809060"]
[WhiteElo "2404"]
[BlackElo "2537"]
[Result "1-0"]
[Round "05"]
[TimeControl "180+1"]
[Date "2022.06.28"]
[WhiteClock "0:00:08"]
[BlackClock "0:00:03"]

1. Nf3 c5 2. c4 g6 3. d4 cxd4 4. Nxd4 Bg7 5. e4 Nc6 6. Be3 Nf6 7. Nc3 O-O 8. Be2 b6 9. O-O Bb7 10. f3 Rc8 11. Qd2 Ne8 12. Rfd1 Nd6 13. b3 f5 14. exf5 gxf5 15. Rac1 f4 16. Bf2 Qe8 17. Nd5 Nxd4 18. Bxd4 e5 19. Bf2 Nf5 20. Bd3 Kh8 21. Be4 Bc6 22. Re1 Qh5 23. Rcd1 Rce8 24. Nc7 Re7 25. Nd5 Ref7 26. b4 Nh4 27. Bxh4 Qxh4 28. Nc3 Rf6 29. b5 Bxe4 30. Nxe4 Rh6 31. h3 Rg6 32. Qxd7 Qh5 33. Kf1 Rg8 34. Rd6 Rxg2 35. Kxg2 Bf8+ 36. Kf2 Qh4+ 37. Ke2 Qxh3 38. Qxh3 1-0


[Site "https://www.chess.com"]

[Event "Titled Tuesday Blitz June 28 Early 2022"]
[White "D`Arruda, Ricardo D."]
[Black "Ouellet, Maili-Jade"]
[WhiteFideId "100692"]
[BlackFideId "2620472"]
[WhiteElo "2478"]
[BlackElo "1899"]
[Result "1-0"]
[Round "05"]
[TimeControl "180+1"]
[Date "2022.06.28"]
[WhiteClock "0:00:40"]
[BlackClock "0:00:01"]

1. Nf3 d5 2. g3 Nf6 3. Bg2 e6 4. O-O Be7 5. d3 O-O 6. Bd2 c5 7. e3 Nc6 8. Nc3 e5 9. Ne2 Rb8 10. c4 d4 11. exd4 cxd4 12. Ng5 Bf5 13. Ne4 Nxe4 14. dxe4 Be6 15. b3 f5 16. Nc1 f4 17. f3 fxg3 18. hxg3 Bc5 19. Nd3 Bd6 20. f4 exf4 21. gxf4 Qh4 22. e5 Bc7 23. Qe2 Bf5 24. Be4 Qg3+ 25. Kh1 Qh4+ 26. Kg1 Ne7 27. Rf2 Bxe4 28. Qxe4 Nf5 29. Rh2 Qg4+ 30. Rg2 Ng3 31. Qe1 Qf5 32. Qxg3 Rf7 33. Re1 Qe6 34. Qg4 Qc6 35. e6 Re7 36. f5 Rf8 37. Bg5 Ree8 38. f6 g6 39. f7+ Kg7 40. fxe8=Q Rxe8 41. Qh4 h5 42. Bf6+ Kh7 43. Qg5 Rg8 44. Ne5 Qe8 45. Nf7 Qc6 46. Qh6# 1-0


[Site "https://www.chess.com"]

[Event "Titled Tuesday Blitz June 28 Early 2022"]
[White "Daeschler, Florian"]
[Black "Dronavalli, Harika"]
[WhiteFideId "20678193"]
[BlackFideId "5015197"]
[WhiteElo "2221"]
[BlackElo "2382"]
[Result "0-1"]
[Round "05"]
[TimeControl "180+1"]
[Date "2022.06.28"]
[WhiteClock "0:00:18"]
[BlackClock "0:00:42"]

1. d4 Nf6 2. c4 e6 3. g3 d5 4. Bg2 dxc4 5. Nf3 c6 6. Ne5 Bb4+ 7. Bd2 Be7 8. e3 b5 9. Nxc6 Nxc6 10. Bxc6+ Bd7 11. Bxa8 Qxa8 12. f3 e5 13. O-O e4 14. Nc3 O-O 15. fxe4 Nxe4 16. Nxe4 Qxe4 17. Qf3 Qc2 18. Bc3 b4 19. Rf2 Qg6 20. Bd2 h5 21. e4 h4 22. Re1 Bg4 23. Qf4 Rc8 24. e5 c3 25. bxc3 bxc3 26. Bc1 Be6 27. a3 c2 28. Qe4 hxg3 29. hxg3 Qxg3+ 30. Rg2 Qc3 31. Bh6 Bf8 32. Rc1 Qxa3 33. Kh2 Qh3+ 34. Kg1 Qxh6 0-1


[Site "https://www.chess.com"]

[Event "Titled Tuesday Blitz June 28 Early 2022"]
[White "Dankhazi, Andras"]
[Black "Tari, Aryan"]
[WhiteFideId "714267"]
[BlackFideId "1510045"]
[WhiteElo "2325"]
[BlackElo "2567"]
[Result "0-1"]
[Round "05"]
[TimeControl "180+1"]
[Date "2022.06.28"]
[WhiteClock "0:00:13"]
[BlackClock "0:01:15"]

1. Nf3 Nf6 2. c4 g6 3. Nc3 Bg7 4. e4 e5 5. Nxe5 O-O 6. d3 Re8 7. Nf3 d5 8. cxd5 Nxd5 9. Bd2 Bg4 10. Be2 Bxf3 11. Bxf3 Nb4 12. O-O N8c6 13. Nd5 Nxd3 14. Qb3 Nc5 15. Qc4 b6 16. b4 Ne5 17. Qc2 Nxf3+ 18. gxf3 Ne6 19. Rac1 Qh4 20. Bc3 Ng5 21. Qe2 Qh3 0-1


[Site "https://www.chess.com"]

[Event "Titled Tuesday Blitz June 28 Early 2022"]
[White "Dardha, Daniel"]
[Black "Pinheiro, Iung Alicio de O."]
[WhiteFideId "240990"]
[BlackFideId "2104350"]
[WhiteElo "2482"]
[BlackElo "2283"]
[Result "1/2-1/2"]
[Round "05"]
[TimeControl "180+1"]
[Date "2022.06.28"]
[WhiteClock "0:00:17"]
[BlackClock "0:00:22"]

1. d4 Nf6 2. Bg5 Ne4 3. h4 h6 4. Bf4 d5 5. Nd2 Bf5 6. Nxe4 Bxe4 7. e3 Nd7 8. Bd3 Nf6 9. Bxe4 Nxe4 10. Nf3 e6 11. Ne5 Bd6 12. f3 Nf6 13. Qd3 a6 14. g4 Nd7 15. O-O-O Nxe5 16. dxe5 Be7 17. e4 c6 18. c4 dxc4 19. Qxc4 Qa5 20. Be3 Qb5 21. Qc2 Rd8 22. f4 Rxd1+ 23. Rxd1 O-O 24. g5 hxg5 25. hxg5 Rd8 26. Rh1 Qd3 27. Qxd3 Rxd3 28. Re1 g6 29. Kc2 Rd7 30. a4 Kf8 31. Kc3 a5 32. Rh1 Bb4+ 33. Kc2 Kg7 34. Rh4 b5 35. Rh6 bxa4 36. f5 exf5 37. exf5 gxf5 38. Rxc6 a3 39. bxa3 Bxa3 40. Kc3 Bb4+ 41. Kc4 Rd1 42. Ra6 Re1 43. Kd3 Rd1+ 44. Ke2 Rd5 45. Kf3 Bc3 46. e6 fxe6 47. Rxe6 a4 48. Rc6 Be5 49. Bc5 Rd3+ 50. Ke2 Rc3 51. Rc8 a3 52. Bf8+ Kg6 53. Rxc3 Bxc3 54. Bxa3 Kxg5 55. Kf3 Kg6 56. Bc1 Bf6 57. Bf4 Bg5 58. Bxg5 Kxg5 59. Kg3 f4+ 60. Kf3 Kf5 61. Kf2 Kg4 62. Kg2 f3+ 63. Kf2 Kf4 64. Kf1 Ke3 65. Ke1 Ke4 66. Kf2 Kf4 67. Kf1 Kg3 68. Kg1 f2+ 69. Kf1 Kf3 1/2-1/2


[Site "https://www.chess.com"]

[Event "Titled Tuesday Blitz June 28 Early 2022"]
[White "Deac, Bogdan-Daniel"]
[Black "Araujo Sanchez, Josue"]
[WhiteFideId "1226380"]
[BlackFideId "6416896"]
[WhiteElo "2648"]
[BlackElo "2339"]
[Result "1-0"]
[Round "05"]
[TimeControl "180+1"]
[Date "2022.06.28"]
[WhiteClock "0:01:55"]
[BlackClock "0:00:10"]

1. d4 Nf6 2. c4 e6 3. Nc3 Bb4 4. e3 b6 5. Bd3 Bb7 6. Nf3 c5 7. O-O Bxc3 8. bxc3 O-O 9. Re1 Nc6 10. e4 d6 11. e5 dxe5 12. dxe5 Nd7 13. Bxh7+ Kh8 14. Be4 Qe7 15. Ng5 g6 16. Qf3 Ndxe5 17. Qh3+ Kg7 18. Qh7+ Kf6 19. Nh3 1-0


[Site "https://www.chess.com"]

[Event "Titled Tuesday Blitz June 28 Early 2022"]
[White "Djokic, Mihailo"]
[Black "Bortnyk, Mykola"]
[WhiteFideId "976440"]
[BlackFideId "14120836"]
[WhiteElo "2255"]
[BlackElo "2582"]
[Result "0-1"]
[Round "05"]
[TimeControl "180+1"]
[Date "2022.06.28"]
[WhiteClock "0:00:01"]
[BlackClock "0:00:06"]

1. e4 Nf6 2. e5 Nd5 3. c4 Nb6 4. d4 d6 5. exd6 cxd6 6. Nc3 g6 7. Be3 Bg7 8. b3 Nc6 9. Rc1 O-O 10. d5 Ne5 11. Be2 e6 12. f4 Ned7 13. dxe6 fxe6 14. Qxd6 e5 15. Nf3 exf4 16. Bxf4 Rf6 17. Qd2 Qf8 18. Bg5 Rf5 19. Be3 Ne5 20. Nxe5 Bxe5 21. Bg4 Rf7 22. Bf3 Rd7 23. Qe2 Qb4 24. Bd2 Qd6 25. Ne4 Qc7 26. O-O Bxh2+ 27. Kh1 Be5 28. Bg5 Rf7 29. c5 Nd7 30. Nd6 Bxd6 31. Bd5 Ne5 32. cxd6 Qxd6 33. Bxf7+ Nxf7 34. Qe8+ Qf8 35. Qxf8+ Kxf8 36. Rc7 Be6 37. Rxb7 Rc8 38. Rxa7 Kg8 39. Be3 Rc2 40. Bd4 Rc8 41. b4 Bd5 42. Rf2 h5 43. Ra5 Be6 44. Ra6 Bf5 45. Rf6 Rc1+ 46. Kh2 Rc4 47. Bc5 Nh6 48. R2xf5 Ng4+ 49. Kg3 gxf5 50. Rxf5 h4+ 51. Kh3 Nh6 52. Rh5 Nf7 53. Rxh4 Rc3+ 54. Kh2 Rc2 55. Rg4+ Kh7 56. a4 Ne5 57. Re4 Nf3+ 58. Kg3 Ng5 59. Rh4+ Kg6 60. a5 Ra2 61. Rd4 Kf5 62. Rd5+ Kg6 63. Be3 Ne4+ 64. Kf4 Nf6 65. Rd6 Kf7 66. Bd4 Ne8 67. Rd7+ Ke6 68. Rb7 Nd6 69. Rb6 Kd5 70. Bc5 Nc4 71. Rb8 Ra1 72. Rd8+ Kc6 73. Rc8+ Kd5 74. Bf8 Rf1+ 75. Kg3 Ne5 76. Rc5+ Ke4 77. a6 Rxf8 78. b5 Rg8+ 79. Kh2 Ng4+ 80. Kg3 Ne3+ 81. Kh3 Kf4 82. g3+ Rxg3+ 83. Kh4 Rg8 84. Rc7 Rh8+ 0-1


[Site "https://www.chess.com"]

[Event "Titled Tuesday Blitz June 28 Early 2022"]
[White "Dobre, Claudiu-Cristian"]
[Black "Jiganchine, Roman"]
[WhiteFideId "1211854"]
[BlackFideId "2603667"]
[WhiteElo "2207"]
[BlackElo "2287"]
[Result "1/2-1/2"]
[Round "05"]
[TimeControl "180+1"]
[Date "2022.06.28"]
[WhiteClock "0:00:05"]
[BlackClock "0:00:08"]

1. c4 e6 2. Nf3 d5 3. b3 Nf6 4. Bb2 c5 5. e3 Nc6 6. cxd5 exd5 7. d4 Be6 8. Bb5 Be7 9. O-O O-O 10. Nc3 Rc8 11. Rc1 a6 12. Be2 Re8 13. dxc5 Bxc5 14. Nxd5 Qxd5 15. Qxd5 Nxd5 16. Rxc5 Ncb4 17. Rfc1 Nxa2 18. Rxc8 Rxc8 19. Rxc8+ Bxc8 20. Nd4 Nab4 21. Ba3 a5 22. e4 Nf6 23. Bxb4 axb4 24. f3 Be6 25. Nxe6 fxe6 26. Bc4 Kf7 27. Kf2 Ke7 28. e5 Nd7 29. f4 Nc5 30. f5 b5 31. Bxb5 Nxb3 32. fxe6 Nd4 33. Bd3 h6 34. Ke3 Nxe6 35. Bc4 Nc5 36. Kd4 Nd7 37. h4 g5 38. h5 g4 39. g3 Nb6 40. Bb3 Nd7 41. Kd5 Nb6+ 42. Kc5 Nd7+ 43. Kd4 Nb6 44. e6 Nc8 45. Ke5 Nd6 46. Kf4 Nb5 47. Ke4 Nd6+ 48. Ke5 Nb5 49. Kd5 Nc7+ 50. Ke5 Nb5 51. Bc4 Na3 52. Bb3 Nb5 1/2-1/2


[Site "https://www.chess.com"]

[Event "Titled Tuesday Blitz June 28 Early 2022"]
[White "Dubov, Daniil"]
[Black "Ider, Borya"]
[WhiteFideId "24126055"]
[BlackFideId "4901134"]
[WhiteElo "2791"]
[BlackElo "2512"]
[Result "1-0"]
[Round "05"]
[TimeControl "180+1"]
[Date "2022.06.28"]
[WhiteClock "0:01:52"]
[BlackClock "0:01:31"]

1. e4 e6 2. d4 d5 3. e5 c5 4. c3 Qb6 5. Nf3 Nc6 6. Na3 cxd4 7. cxd4 Bb4+ 8. Bd2 Nge7 9. Nc2 Bxd2+ 10. Qxd2 Bd7 11. Bd3 Na5 12. O-O Bb5 13. Bxb5+ Qxb5 14. Qg5 Nf5 15. Ne3 h6 16. Qg4 g6 17. Nxf5 gxf5 18. Qh4 Nc6 19. b3 Qd3 20. Rfe1 Rg8 21. Re3 Qc3 22. Rxc3 1-0


[Site "https://www.chess.com"]